 Dungeon Crawl Stone Soup version 0.15-a0 (webtiles) character file.

325 Kae the Insei (level 5, -2/40 HPs)
             Began as a Draconian Transmuter on Mar 30, 2014.
             Slain by a small abomination (9 damage)
             ... on Level 1 of the Abyss.
             The game lasted 00:05:03 (3761 turns).

Kae the Insei (Draconian Transmuter)                Turns: 3761, Time: 00:05:03

HP  -2/40        AC  7     Str 12      XL: 5   Next: 63%
MP   5/9         EV 12     Int 14      God:
Gold 107         SH  0     Dex 12      Spells:  3 memorised,  2 levels left

rFire  . . .     SeeInvis .       - Unarmed
rCold  . . .     Clarity  .     (armour unavailable)
rNeg   . . .     Conserve .     (no shield)
rPois  .         rCorr    .     (helmet restricted)
rElec  .         rRot     .     u - +0 cloak
SustAb . .       Spirit   .     (no gloves)
rMut   .         Warding  .     z - +0 pair of boots
Saprov . . .     Stasis   .     (no amulet)
MR     .....                    (no ring)
                                (no ring)

@: very slightly contaminated, not resistant to hostile enchantments, unstealthy
A: unfitting armour, AC +5
a: no special abilities


You were on level 1 of the Abyss.
You were very hungry.

You visited 1 branch of the dungeon, and saw 4 of its levels.
You visited the Abyss 1 time.

You collected 107 gold pieces.

Inventory:

Missiles
 b - 87 arrows
 g - 20 poisoned arrows
 y - 3 tomahawks of returning (quivered)
Armour
 u - a +0 cloak (worn)
 z - a +0 pair of boots (worn)
Magical devices
 t - a wand of slowing (0)
Comestibles
 a - 3 bread rations
Scrolls
 c - a scroll of random uselessness {unknown}
 e - 4 scrolls of remove curse {unknown}
 f - 4 scrolls of identify {unknown}
 i - 2 scrolls of blinking {unknown}
 k - 2 scrolls of teleportation {unknown}
 m - 3 scrolls of recharging {unknown}
 n - a scroll of amnesia {unknown}
 q - a scroll of enchant weapon I {unknown}
Jewellery
 s - an uncursed amulet of faith {unknown}
 v - an uncursed ring of wizardry {unknown}
 x - an uncursed amulet of resist mutation {unknown}
Potions
 h - a potion of heal wounds {unknown}
 j - a potion of agility {unknown}
 l - a potion of confusion {unknown}
 o - a potion of mutation {unknown}
 p - a potion of curing {unknown}
 r - a potion of brilliance {unknown}
Books
 d - a book of Changes

   Spells                             Type                      Level
   *Beastly Appendage                 Transmutation                1
   *Sticks to Snakes                  Transmutation                2
   *Spider Form                       Transmutation/Poison         3
   Ice Form                           Ice/Transmutation            4
   Blade Hands                        Transmutation                5


   Skills:
 - Level 1.1 Fighting
 - Level 1.7 Dodging
 * Level 5.5 Unarmed Combat
 - Level 2.0 Spellcasting
 + Level 3.7 Transmutations


You had 2 spell levels left.
You knew the following spells:

 Your Spells              Type           Power        Failure   Level  Hunger
a - Beastly Appendage     Trmt           ##....       6%          1    ##.....
b - Sticks to Snakes      Trmt           ##........   10%         2    ###....
c - Spider Form           Trmt/Pois      #.........   38%         3    ####...


Dungeon Overview and Level Annotations

Branches:
Dungeon (4/15)
 Temple: D:4-7

Altars:
Nemelex Xobeh

Annotations:
D:4 Edmund, Sigmund


Message History

Your body is twisted painfully.
You are feeling very hungry.
Unknown command.
Casting: Spider Form
Confirm with . or Enter, or press ? or * to list all spells.
You turn into a venomous arachnid creature.
Your +0 cloak melds into your body.
Your +0 pair of boots melds into your body.
The small abomination completely misses you.
The small abomination hits you!
Unknown command.
Your transformation is almost over.
The large abomination hits you!
* * * LOW HITPOINT WARNING * * *
A spatial vortex comes into view.
Your transformation has ended.
You fall off the wall.
Your +0 cloak unmelds from your body.
Your +0 pair of boots unmelds from your body.
The small abomination hits you!
You die...

## ##.# ..#
###@.## ....
#..x..#
...###..#.#
#...#..## .#
#.#...#####
#....#..#
##.##.#.### .. #..
...# .#
..#.#.#.......ยง.#


You could see a small abomination.

Vanquished Creatures
  Crazy Yiuf (D:2)
  An iguana (D:4)
  Ijyb (D:2)
  Jessica (D:2)
  5 adders (D:2)
  4 worms
  An orc (D:3)
  2 ball pythons (D:1)
  6 giant cockroaches
  7 goblins
  8 hobgoblins
  8 kobolds
  A quokka (D:3)
  4 bats
  A giant gecko (D:3)
  5 giant newts
  10 rats
66 creatures vanquished.

Vanquished Creatures (others)
  4 starspawn tentacles (Abyss:1)
  3 starspawn tentacle segments (Abyss:1)
7 creatures vanquished.

Grand Total: 73 creatures vanquished

Notes
Turn   | Place    | Note
--------------------------------------------------------------
     0 | D:1      | Kae, the Draconian Transmuter, began the quest for the Orb.
     0 | D:1      | Reached XP level 1. HP: 16/16 MP: 3/3
   270 | D:1      | Reached XP level 2. HP: 11/23 MP: 4/4
  1000 | D:2      | Reached XP level 3. HP: 14/28 MP: 4/6
  1037 | D:2      | Noticed Jessica
  1056 | D:2      | Killed Jessica
  1124 | D:2      | Reached skill level 4 in Unarmed Combat
  1165 | D:2      | Noticed Ijyb
  1217 | D:2      | Killed Ijyb
  1429 | D:2      | Reached XP level 4. HP: 31/35 MP: 7/7
  2072 | D:2      | Noticed Crazy Yiuf
  2083 | D:2      | Killed Crazy Yiuf
  2093 | D:2      | Learned a level 2 spell: Sticks to Snakes
  2097 | D:2      | Learned a level 3 spell: Spider Form
  2239 | D:2      | Reached skill level 5 in Unarmed Combat
  2239 | D:2      | Reached XP level 5. HP: 19/40 MP: 9/9
  3186 | D:3      | Found a sparkling altar of Nemelex Xobeh.
  3478 | D:4      | Noticed Sigmund
  3478 | D:4      | Noticed an ogre
  3480 | D:4      | Noticed an ogre
  3662 | D:4      | Noticed Edmund
  3670 | D:4      | Cast into the Abyss (Edmund)
  3683 | Abyss:1  | Noticed a large abomination
  3720 | Abyss:1  | Noticed a tentacled starspawn
  3729 | Abyss:1  | Noticed a small abomination
  3734 | Abyss:1  | Noticed a large abomination
  3751 | Abyss:1  | Noticed a spatial vortex
  3761 | Abyss:1  | Slain by a small abomination

Action                   |  1- 3 |  4- 6 || total
-------------------------+-------+-------++-------
Melee: Unarmed           |   157 |   146 ||   303
 Cast: Beastly Appendage |     5 |     9 ||    14
       Spider Form       |       |     2 ||     2
  Use: Potion            |     1 |     1 ||     2
